 Dungeon Crawl Stone Soup version 0.26-a0-672-g1df16c3386 (webtiles) character file.

Game seed: 2938675995741930125

720 strifetoe the Cleaver (level 7, -6/60 HPs)
             Began as a Palentonga Fighter on Oct 20, 2020.
             Killed by nerve-wracking pain
             ... invoked by Menkaure
              (9 damage)
             ... on level 4 of the Dungeon.
             The game lasted 00:05:03 (5139 turns).

strifetoe the Cleaver (Palentonga Fighter)          Turns: 5139, Time: 00:05:03

Health: -6/60      AC:  7    Str: 22    XL:     7   Next: 42%
Magic:  7/7        EV:  5    Int:  8    God:
Gold:   153        SH:  8    Dex:  9    Spells: 6/6 levels left

rFire    . . .     SeeInvis +   a - +0 war axe
rCold    . . .     Faith    .   c - +0 kite shield
rNeg     . . .     Spirit   .   b - +0 scale mail
rPois    .         Reflect  .   e - +0 helmet
rElec    .         Harm     .   (no cloak)
rCorr    .         Rampage  .   (no gloves)
MR       .....                  (no barding)
Stlth    ..........             (no amulet)
HPRegen  0.20/turn              (no ring)
MPRegen  0.10/turn              (no ring)

@: brilliant
A: large, rugged brown scales 3, see invisible, deformed body, roll, armoured
tail
a: Rolling Charge


You were on level 4 of the Dungeon.
You visited 1 branch of the dungeon, and saw 4 of its levels.

You collected 153 gold pieces.

Inventory:

Hand Weapons
 a - a +0 war axe (weapon)
Armour
 b - a +0 scale mail (worn)
 c - a +0 kite shield (worn)
 e - a +0 helmet (worn)
Wands
 q - a wand of enslavement (5)
Scrolls
 f - 3 scrolls of fog {unknown}
 g - 2 scrolls of identify {unknown}
 h - 3 scrolls of blinking {unknown}
 k - a scroll of enchant armour {unknown}
 n - 2 scrolls of teleportation {unknown}
 p - a scroll of remove curse {unknown}
 r - a scroll of fear {unknown}
Potions
 j - a potion of cancellation {unknown}
 l - a potion of brilliance
 m - a potion of degeneration {unknown}
 o - 2 potions of flight {unknown}
 s - a potion of resistance {unknown}


   Skills:
 - Level 3.0 Fighting
 + Level 8.5 Axes
 - Level 2.4 Armour
 - Level 2.4 Shields


You had 6 spell levels left.
You didn't know any spells.
Your spell library was empty.

Dungeon Overview and Level Annotations

Branches:
Dungeon (4/15)
 Temple: D:4-7

Altars:
Ashenzari
Fedhas

Annotations:
D:4 Menkaure


Innate Abilities, Weirdness & Mutations

You are completely covered in rugged brown scales. (AC +3, +7% HP)
You have supernaturally acute eyesight. (SInv)
Armour fits poorly on your strangely shaped body.
You can roll at foes to attack.
You have a long armoured tail.


Message History

Menkaure points at you and mumbles some strange words.
Pain shoots through your body!
You hit Menkaure.
Menkaure is moderately damaged.
Menkaure sighs a few words.
You block Menkaure's attack.
You hit Menkaure but do no damage.
You tail-slap Menkaure, but do no damage.
Menkaure is moderately damaged.
Menkaure hits you!!
* * * LOW HITPOINT WARNING * * *
You closely miss Menkaure.
Menkaure is moderately damaged.
Menkaure hits you!
* * * LOW HITPOINT WARNING * * *
You barely miss Menkaure.
Menkaure is moderately damaged.
Menkaure casts a spell at you. Pain shoots through your body!
You die...

## ##. #.. ##. #.
####### ##. #.....#
########.#
#.....#####............#
#......@M[..# ########.#
#.....####### ####.
#.....# #.... ###.###
#.### #.# ##.# #.# #..#
#.# #..# ######.#
##########..### #......#
#.....#........


You could see Menkaure.

Vanquished Creatures
  Grinder (D:4)
  A phantom (D:4)
  An ogre (D:4)
  A hound (D:4)
  An orc priest (D:3)
  2 orc wizards
  Ijyb (D:4)
  A hound skeleton (D:4)
  Robin (D:2)
  4 gnolls
  4 adders
  A worm (D:3)
  4 dart slugs
  A leopard gecko (D:3)
  15 orcs
  7 giant cockroaches
  14 goblins
  8 hobgoblins
  7 jackals
  3 quokkas
  3 ball pythons
  6 bats
  4 frilled lizards
  3 kobolds (D:2)
  A quokka skeleton (D:4)
  10 rats
105 creatures vanquished.

Vanquished Creatures (collateral kills)
  A gnoll (D:4)
1 creature vanquished.

Grand Total: 106 creatures vanquished

Notes
Turn   | Place    | Note
-------+----------+-------------------------------------------
     0 | D:1      | strifetoe the Palentonga Fighter began the quest for the
                  | Orb.
     0 | D:1      | Reached XP level 1. HP: 20/20 MP: 1/1
     3 | D:1      | Noticed an electric eel
     3 | D:1      | Noticed an electric eel
   195 | D:1      | Reached XP level 2. HP: 27/27 MP: 2/2
   272 | D:1      | Reached skill level 3 in Axes
   820 | D:2      | Reached XP level 3. HP: 30/33 MP: 3/3
  1403 | D:2      | Noticed Robin
  1406 | D:2      | Reached skill level 4 in Axes
  1413 | D:2      | Killed Robin
  1413 | D:2      | Reached XP level 4. HP: 20/40 MP: 4/4
  2461 | D:3      | Found a faded altar of an unknown god.
  2464 | D:3      | Reached skill level 5 in Axes
  2618 | D:3      | Found a blossoming altar of Fedhas.
  2763 | D:3      | Reached XP level 5. HP: 40/48 MP: 5/5
  2925 | D:3      | Found a broken altar of Ashenzari.
  3256 | D:4      | Noticed Ijyb
  3264 | D:4      | Killed Ijyb
  3264 | D:4      | Reached skill level 6 in Axes
  3274 | D:4      | Noticed a phantom
  3292 | D:4      | Noticed an ogre
  3304 | D:4      | Killed an ogre
  3304 | D:4      | Reached XP level 6. HP: 22/54 MP: 6/6
  3315 | D:4      | Reached skill level 7 in Axes
  4592 | D:4      | Reached XP level 7. HP: 51/60 MP: 7/7
  4667 | D:4      | Noticed Grinder
  4683 | D:4      | Paralysed by Grinder for 2 turns
  4688 | D:4      | Killed Grinder
  4688 | D:4      | Reached skill level 8 in Axes
  5129 | D:4      | Noticed Menkaure
  5138 | D:4      | HP: 3/60 [Menkaure (14)]
  5139 | D:4      | Killed from afar by Menkaure

Illustrated notes

Levels and vault maps discovered:
D:1:      arrival_aquarium_b, layout_rooms
D:2:      layout_basic, uniq_robin
D:3:      layout_loops_ring, nicolae_overflow_hidden_temple, marbit_many_paths,
          chequers_ecumenical_altar_simple_redux
D:4:      layout_loops_ring, uniq_ijyb, uniq_menkaure, uniq_grinder

Skill      XL: |  1  2  3  4  5  6  7 |
---------------+----------------------+-----
Axes           | 3 4 5 6 7 8 |  8.5
Fighting       | |  3.0
Armour         | |  2.4
Shields        | |  2.4

Action                   |  1- 3 |  4- 6 |  7- 9 || total
-------------------------+-------+-------+-------++-------
Melee: War axe           |   108 |   217 |    20 ||   345
       Tailslap          |    14 |    13 |     1 ||    28
Evoke: Wand              |       |     2 |       ||     2
  Use: Potion            |       |       |     3 ||     3
Armor: Scale mail        |    77 |    93 |     5 ||   175
Dodge: Dodged            |    23 |    52 |     2 ||    77
Block: Kite shield       |    58 |    89 |     7 ||   154

Table legend: (Time is in decaauts)
 A = Elapsed time spent in this place.
 B = Non-inter-level travel time spent in this place.
 C = Inter-level travel time spent in this place.
 D = Time resting spent in this place.
 E = Time spent auto-exploring this place.
 F = Levels seen in this place.
 G = Mean time per level.
                   A        B        C        D        E       F      G
               +--------+--------+--------+--------+--------+-----+--------+
         Total |   5255 |   5130 |    125 |   1578 |   2712 |   4 | 1313.8 |
       Dungeon |   5255 |   5130 |    125 |   1578 |   2712 |   4 | 1313.8 |
               +--------+--------+--------+--------+--------+-----+--------+

Top non-repeatable levels by time:
     D:3: 1708 daAuts
     D:4: 1475 daAuts
     D:2: 1260 daAuts
     D:1: 810 daAuts
